 Dungeon Crawl Stone Soup version 0.24-a0-201-gf205589 (webtiles) character file.

Game seed: 280104384986254868

93 Borgoz the Covered (level 4, 0/31 HPs)
             Began as a Halfling Fighter on Mar 24, 2019.
             Slain by Phong's ghost (16 damage)
             ... on level 3 of the Dungeon.
             The game lasted 00:02:24 (2243 turns).

Borgoz the Covered (Halfling Fighter)               Turns: 2243, Time: 00:02:25

Health: 0/31       AC:  7    Str: 22    XL:     4   Next: 91%
Magic:  4/4        EV: 10    Int:  7    God:
Gold:   135        SH: 10    Dex: 13    Spells: 3/3 levels left

rFire    . . .     SeeInvis .   a - +0 rapier
rCold    . . .     Gourm    .   c - +0 shield
rNeg     . . .     Faith    .   b - +0 scale mail
rPois    .         Spirit   .   (no helmet)
rElec    .         Reflect  .   (no cloak)
rCorr    .         Harm     .   (no gloves)
MR       .....                  (no boots)
Stlth    ..........             (no amulet)
HPRegen  0.10/turn              (no ring)
MPRegen  0.09/turn              (no ring)

@: mighty
A: small, mutation resistance 1
a: no special abilities


You were on level 3 of the Dungeon.
You were not hungry.

You visited 1 branch of the dungeon, and saw 3 of its levels.

You collected 135 gold pieces.

Inventory:

Hand Weapons
 a - a +0 rapier (weapon)
Missiles
 j - 2 curare-tipped needles
 u - 22 poisoned needles
Armour
 b - a +0 scale mail (worn)
 c - a +0 shield (worn)
Scrolls
 g - a scroll of fog {unknown}
 k - 3 scrolls of identify {unknown}
 n - 3 scrolls of amnesia {unknown}
 o - a scroll of magic mapping {unknown}
 r - a scroll of immolation {unknown}
 v - a scroll of enchant weapon {unknown}
 w - a scroll of enchant armour {unknown}
 x - a scroll of fear {unknown}
Potions
 d - 3 potions of might
 e - a potion of lignification {unknown}
 h - 2 potions of curing {unknown}
 i - a potion of agility {unknown}
 l - a potion of degeneration {unknown}
 m - a potion of magic {unknown}
 p - 2 potions of brilliance {unknown}
 q - 2 potions of heal wounds {unknown}
 s - a potion of flight {unknown}
Comestibles
 f - 10 rations
 t - a chunk of flesh


   Skills:
 + Level 3.0 Fighting
 * Level 3.4 Short Blades
 + Level 0.9 Throwing
 * Level 4.0 Armour
 * Level 1.8 Dodging
 + Level 3.6 Shields


You had 3 spell levels left.
You didn't know any spells.
Your spell library contained the following spells:

 Spells                   Type           Power        Failure   Level  Hunger
 Magic Dart               Conj           #...         99%         1    ##.....
 Blink                    Tloc           N/A          100%        2    ###....
 Call Imp                 Summ           #.......     100%        2    ###....
 Slow                     Hex            #.......     100%        2    ###....
 Conjure Flame            Conj/Fire      #.......     100%        3    ####...
 Mephitic Cloud           Conj/Pois/Air  #.......     100%        3    ####...


Dungeon Overview and Level Annotations

Branches:
Dungeon (3/15)

Altars:

Annotations:
D:3 Phong's ghost, weakling DrCj


Innate Abilities, Weirdness & Mutations

You are small and have problems with some larger weapons.
You are somewhat resistant to further mutation.


Message History

Phong's ghost is lightly damaged.
Phong's ghost gestures at you while chanting.
The magic dart hits you.
You hit Phong's ghost but do no damage.
Phong's ghost is lightly damaged.
Phong's ghost hits you.
Your shield and scale mail prevent you from hitting Phong's ghost.
Phong's ghost is lightly damaged.
Phong's ghost points at you and mumbles some strange words.
The magic dart hits you.
Your shield and scale mail prevent you from hitting Phong's ghost.
Phong's ghost is lightly damaged.
You block Phong's ghost's attack.
You closely miss Phong's ghost.
Phong's ghost is lightly damaged.
Phong's ghost hits you but does no damage.
You feel very mighty all of a sudden. Phong's ghost hits you.
You are electrocuted!
Ouch! That really hurt!
You die...

#........# #.# #.###.#
#.###.##.# #.# #...... #.#
#.##.# ##'## #####.# #.#
#.##.# ##...## #.# #.# #.##.#
##.....## #.# #.###..#.#
##.......# ### ###
#........###.......####.###.#
####.......'.####....#.#_#.#.
##...###.@#.P#..##.###.###
####..####..W%8#...### ###.#
#.......###.#.P#..## #.#
#.##.##.# ######.## #.#
#.##.##.# #'## #.# #.##....#
#.# #.# #.####..# #.#### #.#
#.# #..# ##....## #.#
#.####..# ##..)##.## #.#


You could see Phong's ghost.

Vanquished Creatures
  4 adders
  A worm (D:2)
  A leopard gecko (D:3)
  6 orcs (D:3)
  6 bats
  4 giant cockroaches
  4 goblins
  6 hobgoblins
  4 frilled lizards
  4 kobolds (D:3)
  10 rats
50 creatures vanquished.

Notes
Turn   | Place    | Note
-------+----------+-------------------------------------------
     0 | D:1      | Borgoz the Halfling Fighter began the quest for the Orb.
     0 | D:1      | Reached XP level 1. HP: 15/15 MP: 1/1
   258 | D:1      | Reached XP level 2. HP: 20/20 MP: 2/2
   935 | D:2      | Reached skill level 1 in Dodging
   935 | D:2      | Reached XP level 3. HP: 20/25 MP: 3/3
  1518 | D:3      | Reached XP level 4. HP: 30/30 MP: 4/4
  1682 | D:3      | Found a faded altar of an unknown god.
  1737 | D:3      | Reached skill level 4 in Armour
  2229 | D:3      | Found a runed translucent door.
  2229 | D:3      | Noticed Phong's ghost (weakling DrCj)
  2243 | D:3      | Slain by Phong's ghost

Levels and vault maps discovered:
D:1:      ebering_trefoil_3fold, layout_loops_ring, serial_bayou_pond_e
D:2:      layout_basic, serial_forest, infiniplex_forest_clump_tiny,
          infiniplex_forest_end_2, infiniplex_forest_clump_small,
          infiniplex_forest_corner_1, infiniplex_forest_straight_2,
          infiniplex_forest_clump_double, infiniplex_forest_clump_large
D:3:      layout_loops_corners, chequers_ecumenical_altar_twisty,
          gammafunk_ghost_grave

Skill      XL: |  1  2  3  4 |
---------------+-------------+-----
Short Blades   | 3 |  3.4
Dodging        | 1 |  1.8
Armour         | 4 |  4.0
Fighting       | 3 |  3.0
Throwing       | |  0.9
Shields        | |  3.6

Action                   |  1- 3 |  4- 6 || total
-------------------------+-------+-------++-------
Melee: Rapier            |    96 |    74 ||   170
  Use: Potion            |       |     1 ||     1
  Eat: Chunk             |     2 |     2 ||     4
Armor: Scale mail        |    34 |    17 ||    51
Dodge: Dodged            |    34 |    18 ||    52
Block: Shield            |    45 |    32 ||    77

Table legend:
 A = Non-vault XP
 B = Vault XP
 C = Vault XP percentage of total XP
 D = Non-vault monster count
 E = Vault monster count
 F = Vault count percentage of total count
                 A         B        C        D         E       F
            +---------+---------+-------+---------+---------+-------
      Total |     133 |       0 |   0.0 |      50 |       0 |   0.0
            +---------+---------+-------+---------+---------+-------
        D:1 |      20 |       0 |   0.0 |      12 |       0 |   0.0
        D:2 |      34 |       0 |   0.0 |       6 |       0 |   0.0
        D:3 |      79 |       0 |   0.0 |      32 |       0 |   0.0
            +---------+---------+-------+---------+---------+-------
